 Dungeon Crawl Stone Soup version 0.29.1-12-g30fa7ad0bf (webtiles) character file.

Game seed: 12930785138665894925

1247 warriortoast the Conjurer (level 8, -18/60 HPs)
             Began as a Yellow Draconian Conjurer on Dec 14, 2022.
             Was a Follower of Hepliaklqana.
             Demolished by a komodo dragon (28 damage)
             ... on level 5 of the Dungeon.
             The game lasted 00:14:12 (8019 turns).

warriortoast the Conjurer (DrCj)                    Turns: 8019, Time: 00:14:12

Health: -18/60     AC:  7    Str:  9    XL:     8   Next: 25%
Magic:  14/14      EV: 12    Int: 22    God:    Hepliaklqana [*.....]
Gold:   234        SH:  0    Dex:  9    Spells: 5/15 levels left

rFire   . . .      SeeInvis .   z - +2 halberd (vorpal)
rCold   . . .      Faith    .   (shield currently unavailable)
rNeg    . . .      Spirit   .   (body armour unavailable)
rPois   .          Reflect  .   (helmet restricted)
rElec   .          Harm     .   (no cloak)
rCorr   +          Rampage  .   (no gloves)
Will    .....                   p - +0 pair of boots
Stlth   ++........              (no amulet)
HPRegen 0.20/turn               (no ring)
MPRegen 0.14/turn               (no ring)

@: weak-willed
A: reduced essence, spit acid, AC +6, unfitting armour, cold-blooded, acid
resistance
a: Breathe Acid, Renounce Religion, Recall Ancestor, Ancestor Identity


You were on level 5 of the Dungeon.
You worshipped Hepliaklqana.
Hepliaklqana was aware of your devotion.
You visited 1 branch of the dungeon, and saw 6 of its levels.

You collected 234 gold pieces.

Inventory:

Hand Weapons
 f - a +0 club
 h - a +1 dagger of protection
 v - a +3 vorpal dagger
 x - a +2 short sword of flaming
 z - a +2 vorpal halberd (weapon)
Armour
 p - a +0 pair of boots (worn)
Magical Staves
 r - a staff of air
Jewellery
 c - a +6 ring of intelligence
 o - a +4 ring of evasion
 w - a +6 ring of intelligence
Wands
 t - a wand of polymorph (4)
 B - a wand of paralysis (8)
 C - a wand of roots (6)
 D - a wand of flame (20)
Scrolls
 e - a scroll of poison {unknown}
 g - a scroll of enchant weapon
 i - a scroll of immolation {unknown}
 j - a scroll of brand weapon
 A - a scroll of amnesia {unknown}
 E - a scroll of magic mapping {unknown}
 F - a scroll of identify {unknown}
 G - a scroll of fear {unknown}
 H - 2 scrolls of acquirement {unknown}
 I - a scroll of teleportation {unknown}
Potions
 a - a potion of magic
 b - 2 potions of mutation {unknown}
 d - 2 potions of curing
 k - 4 potions of degeneration {unknown}
 l - a potion of brilliance {unknown}
 m - a potion of heal wounds {unknown}
 n - a potion of attraction {unknown}
 q - 2 potions of invisibility {unknown}
 s - 3 potions of flight {unknown}
 u - 2 potions of resistance


   Skills:
 + Level 4.6 Fighting
 + Level 4.3 Dodging
 + Level 4.6 Stealth
 + Level 4.4 Spellcasting
 + Level 6.0 Conjurations
 + Level 0.6 Hexes


You had 5 spell levels left.
You knew the following spells:

 Your Spells              Type           Power      Damage    Failure   Level
a - Magic Dart            Conj           100%       1d8       1%          1
b - Searing Ray           Conj           62%        2d6       1%          2
c - Dazzling Flash        Conj/Hex       38%        N/A       9%          3
d - Fulminant Prism       Conj/Hex       9%         3d7       26%         4

Your spell library contained the following spells:

 Spells                   Type           Power      Damage    Failure   Level
 Stone Arrow              Conj/Erth      36%        3d9       10%         3
 Freeze                   Ice            16%        1d4       11%         1
 Sandblast                Erth           8%         2d5       11%         1
 Passwall                 Tmut/Erth      3%         N/A       16%         2
 Hailstorm                Conj/Ice       18%        3d6       30%         4
 Iskenderun's Mystic Bla  Conj/Tloc      18%        2d6       30%         4
 Frozen Ramparts          Ice            8%         1d2       32%         3


Dungeon Overview and Level Annotations

Branches:
Dungeon (6/15)             Temple (0/1) D:5

Altars:
Fedhas
Hepliaklqana
Xom

Shops:
D:1 *   D:3 =   D:5 (

Annotations:
D:4 exclusion: oklob plant
D:5 3 runed translucent doors, GigaChad's ghost, novice MiFi; Kazon's ghost, novice GrBe


Innate Abilities, Weirdness & Mutations

Your life essence is reduced to manifest your ancestor. (-10% HP)
You can spit globs of acid.
Your golden yellow scales are hard. (AC +6)
You cannot fit into any form of body armour.
You are cold-blooded and may be slowed by cold attacks.
You are resistant to acid. (rCorr)


Message History

You can't see any susceptible monsters within range! (Use Z to cast anyway.)
You can't see any susceptible monsters within range! (Use Z to cast anyway.)
You can't see any susceptible monsters within range! (Use Z to cast anyway.)
You now have 234 gold pieces (gained 15).
You swap places.
A komodo dragon comes into view.
A komodo dragon is nearby!
A komodo dragon is nearby!
A komodo dragon is nearby!
You swap places.
Cenhelm hits the komodo dragon but does no damage.
The komodo dragon bites Cenhelm!!
Cenhelm avoids your attack.
The magic dart hits the komodo dragon.
The komodo dragon is lightly wounded.
Cenhelm hits the komodo dragon.
The komodo dragon bites Cenhelm!
Cenhelm is destroyed!
The magic dart hits the komodo dragon but does no damage.
The komodo dragon is lightly wounded.
The magic dart hits the komodo dragon but does no damage.
The komodo dragon is lightly wounded.
The komodo dragon bites you!!
Found a stone staircase leading down.
The komodo dragon attacks as you move away!
The komodo dragon bites you but does no damage.
There is a stone staircase leading up here.
The komodo dragon completely misses you.
You climb upwards.
Level annotation: 3 runed translucent doors, GigaChad's ghost, novice MiFi; Kazon's ghost, novice GrBe
There is a stone staircase leading down here.
The komodo dragon attacks as you move away!
The komodo dragon bites you.
The komodo dragon attacks as you move away!
The komodo dragon bites you.
The komodo dragon attacks as you move away!
The komodo dragon bites you!!
* * * LOW HITPOINT WARNING * * *
As you read the scroll labelled HEATOAGR BOELO, it crumbles to dust.
Magic quickly surges around you.
It was a scroll of vulnerability.
The komodo dragon bites you!!
You die...

#.#.P.P.................
#####.#........###.......#..
#...<........[).##.##.##....
#.###.##...##...##.##.##.##. #.#
#5###.###.<..........##. #.# #.#
#.# #..###.##.#..##. #.#
#.###.###..# #.##.......
#.###.......l..# #.>......##
######..........@#######.#####.#
#......#..#.#..#.#.#.#...# #.#
#.####....#.#..###.#^#...# #.#
#.# #....#......#...##..# #.#
#.# #......#.(#.'._)'(..#####.#
#.## #......#..###.).##......[.#
...###..<......# #.#.##.###.#.##
....####..#...####.#.#........#
.....##..........######.##..#.#


You could see a komodo dragon (weak-willed).

Vanquished Creatures
  Sigmund (D:5)
  Eustachio (D:5)
  A black bear (D:4)
  A phantom (D:6)
  Blork the orc (D:5)
  2 jellies (D:5)
  3 crimson imps (D:5)
  2 hounds
  Ijyb (D:3)
  2 iguanas
  2 orc wizards
  A gnoll (D:4)
  9 adders
  A white imp (D:6)
  2 worms
  4 dart slugs
  6 orcs
  4 ball pythons
  3 endoplasms (D:3)
  4 giant cockroaches
  4 hobgoblins
  8 jackals
  7 kobolds
  5 quokkas
  4 bats
  3 frilled lizards (D:1)
  8 goblins
  4 rats
94 creatures vanquished.

Vanquished Creatures (collateral kills)
  An ogre (D:4)
  A crimson imp (D:5)
  3 gnolls (D:4)
  A white imp (D:5)
  An orc (D:4)
7 creatures vanquished.

Vanquished Creatures (others)
  7 ancestors
  10 fungi
  31 plants
  5 withered plants (D:5)
53 creatures vanquished.

Grand Total: 154 creatures vanquished

Notes
Turn   | Place    | Note
-------+----------+-------------------------------------------
     0 | D:1      | warriortoast the Draconian Conjurer began the quest for the
                  | Orb.
     0 | D:1      | Reached XP level 1. HP: 14/14 MP: 3/3
   281 | D:1      | Found Ytin's Assorted Antiques.
   351 | D:1      | Reached XP level 2. HP: 22/22 MP: 1/5
  1187 | D:2      | Found a hazy altar of Hepliaklqana.
  1196 | D:2      | Became a worshipper of Hepliaklqana the Forgotten
  1240 | D:2      | Reached skill level 1 in Fighting
  1240 | D:2      | Reached XP level 3. HP: 28/28 MP: 0/6
  2024 | D:2      | Reached XP level 4. HP: 35/35 MP: 5/7
  2338 | D:3      | Noticed Ijyb
  2368 | D:3      | Killed Ijyb
  2730 | D:3      | Found a faded altar of an unknown god.
  2894 | D:3      | Found Neaqasow's Jewellery Emporium.
  3031 | D:3      | Reached XP level 5. HP: 31/41 MP: 0/9
  3265 | D:3      | Reached * piety under Hepliaklqana
  4153 | D:4      | Reached XP level 6. HP: 23/45 MP: 2/10
  4678 | D:4      | Found a blossoming altar of Fedhas.
  4703 | D:4      | Noticed an oklob plant
  5524 | D:4      | Reached skill level 5 in Conjurations
  5625 | D:5      | Entered Level 5 of the Dungeon
  5625 | D:5      | Noticed Sigmund
  5891 | D:5      | Found a staircase to the Ecumenical Temple.
  6092 | D:5      | Killed Sigmund
  6093 | D:5      | Your scales start taking on a golden yellow colour.
  6093 | D:5      | Reached XP level 7. HP: 41/52 MP: 3/12
  6093 | D:5      | Gained mutation: You are resistant to acid. (rCorr) [Yellow
                  | Draconian growth]
  6218 | D:5      | Noticed Blork the orc
  6228 | D:5      | Killed Blork the orc
  6305 | D:5      | Noticed Eustachio
  6845 | D:5      | Killed Eustachio
  6952 | D:5      | Reached XP level 8. HP: 59/59 MP: 9/14
  7169 | D:5      | Found Kikoeca's Antique Weapon Boutique.
  7236 | D:5      | Found a shimmering altar of Xom.
  7429 | D:5      | Learned a level 2 spell: Searing Ray
  7433 | D:5      | Learned a level 3 spell: Dazzling Flash
  7438 | D:5      | Learned a level 4 spell: Fulminant Prism
  7467 | D:5      | Found a runed translucent gate.
  7467 | D:5      | Found a runed translucent gate.
  7467 | D:5      | Found a runed translucent gate.
  7495 | D:5      | Noticed GigaChad's ghost (novice MiFi)
  7495 | D:5      | Noticed Kazon's ghost (novice GrBe)
  7931 | D:6      | Reached skill level 6 in Conjurations
  7992 | D:6      | Noticed a komodo dragon
  8019 | D:5      | Demolished by a komodo dragon

Illustrated notes

Levels and vault maps discovered:
D:1:      elethiomel_arrival_fortress_basement, layout_loops_ring, serial_shops,
          shop
D:2:      layout_basic, basic_altar, minmay_splitting_lines, corner_web_ring,
          dk_noncrumbling_2
D:3:      layout_basic, gup_sewer_entry_bubbles, serial_shops, shop_statue,
          dreamdust_ecumenical_altar_grove, kennysheep_flooded_box, uniq_ijyb
D:4:      layout_loops_ring, tgw_fedhas
D:5:      layout_loops_ring, led_xom_imps, minmay_temple_entry_trees,
          serial_shops, nicolae_shop_behind_doors, gammafunk_ghost_cemetery,
          uniq_sigmund, uniq_blork_the_orc, uniq_eustachio
D:6:      layout_layer_cave, makhleb_heckhound_becter,
          gammafunk_ghost_stat_death

Skill      XL: |  1  2  3  4  5  6  7  8 |
---------------+-------------------------+-----
Stealth        | 2 3 4 |  4.6
Dodging        | 2 3 4 |  4.3
Fighting       | 1 2 3 4 |  4.6
Spellcasting   | 3 4 |  4.4
Conjurations   | 5 6 |  6.0
Hexes          | |  0.6

Action                   |  1- 3 |  4- 6 |  7- 9 || total
-------------------------+-------+-------+-------++-------
Melee: Unarmed           |    30 |    26 |       ||    56
       Tailslap          |    15 |    13 |       ||    28
       Club              |    11 |       |       ||    11
       Dagger            |    16 |    12 |       ||    28
       Short sword       |       |    31 |       ||    31
       Halberd           |       |    40 |     1 ||    41
 Cast: Magic Dart        |    69 |   163 |    91 ||   323
 Abil: Breathe Acid      |       |       |     3 ||     3
  Use: Scroll            |       |       |     5 ||     5
Armor: Skin              |    20 |    28 |    22 ||    70
Dodge: Dodged            |    51 |    73 |    46 ||   170
